 Dungeon Crawl Stone Soup version 0.25-a0-413-g3b4b6a4ccc (webtiles) character file.

Game seed: 6907346374560663264, levelgen mode: deterministic

45806 Borgoz the Fighter (level 14, -13/94 HPs)
             Began as a Gargoyle Berserker on Jan 16, 2020.
             Was an Elder of Trog.
             Mangled by a death knight
             ... wielding a +4 glaive
              (27 damage)
             ... on level 15 of the Dungeon.
             The game lasted 00:24:33 (18120 turns).

Borgoz the Fighter (Gargoyle Berserker)            Turns: 18120, Time: 00:24:34

Health: -13/94     AC: 23    Str: 24    XL:     14   Next: 34%
Magic:  14/14      EV: 18    Int:  8    God:    Trog [****..]
Gold:   833        SH:  0    Dex: 11    Spells: 13/13 levels left

rFire    + . .     SeeInvis .   w - +2 flail (protect)
rCold    . . .     Gourm    .   (no shield)
rNeg     + . .     Faith    .   D - +0 ring mail {rF+}
rPois    ∞         Spirit   .   t - +0 helmet (curse)
rElec    +         Reflect  .   z - +0 cloak
rCorr    .         Harm     .   (no gloves)
MR       +....                  k - +0 pair of boots
Stlth    +.........             (no amulet)
HPRegen  0.25/turn              E - +2 ring of slaying
MPRegen  0.14/turn              J - +2 ring of evasion

@: berserk cooldown, flying, slowed, very slow
A: big wings, negative energy resistance 1, electricity resistance, unbreathing,
petrification resistance, rot immunity, AC +10
a: Stop Flying, Berserk, Trog's Hand, Brothers in Arms, Renounce Religion


You were on level 15 of the Dungeon.
You worshipped Trog.
Trog was greatly pleased with you.
You were very hungry.

You visited 1 branch of the dungeon, and saw 15 of its levels.

You collected 888 gold pieces.
You spent 55 gold pieces at shops.

Inventory:

Hand Weapons
 q - a +0 dire flail
 w - a +2 flail of protection (weapon)
Armour
 k - a +0 pair of boots (worn)
 t - a cursed +0 helmet (worn)
 z - a +0 cloak (worn)
 D - a +0 ring mail of fire resistance (worn)
Jewellery
 h - an uncursed ring of ice
 E - a +2 ring of slaying (left hand)
 J - a +2 ring of evasion (right hand)
Wands
 p - a wand of clouds (5)
 s - a wand of disintegration (9)
 v - a wand of paralysis (9)
 y - a wand of polymorph (16)
 C - a wand of iceblast (18)
 F - a wand of acid (6)
 H - a wand of scattershot (6)
Scrolls
 a - a scroll of vulnerability {unknown}
 b - 3 scrolls of enchant armour {unknown}
 e - 5 scrolls of fog {unknown}
 f - a scroll of summoning {unknown}
 g - 2 scrolls of blinking {unknown}
 j - 4 scrolls of remove curse
 l - 7 scrolls of teleportation {unknown}
 m - a scroll of immolation
 r - 2 scrolls of torment {unknown}
 x - 3 scrolls of amnesia {unknown}
 A - 2 scrolls of enchant weapon
 I - a scroll of magic mapping
Potions
 i - 7 potions of curing
 n - 5 potions of agility
 o - 3 potions of heal wounds
 u - 3 potions of haste
 B - a potion of resistance
 G - a potion of invisibility {unknown}
 K - a potion of berserk rage
Comestibles
 c - 9 rations


   Skills:
 + Level 13.5 Fighting
 + Level 12.5 Maces & Flails
 + Level 13.3 Armour
 + Level 10.6 Dodging


You had 13 spell levels left.
You didn't know any spells.
Your spell library was empty.

Dungeon Overview and Level Annotations

Branches:
Dungeon (15/15)            Temple (0/1) D:5            Lair (0/6) D:8
    Orc (0/2) D:11         Vaults (0/5) D:14
 Depths: D:15

Altars:
Ashenzari
Elyvilon
Gozag
Hepliaklqana
Kikubaaqudgha
Makhleb
Okawaru
Qazlal
Trog
Uskayaw
Vehumet
Wu Jian
Xom
Yredelemnul
Beogh

Shops:
D:3 *   D:4 !

Annotations:
D:11 3 runed translucent doors, MaxwellSilver's ghost, journeyman HOFi


Innate Abilities, Weirdness & Mutations

You are resistant to torment.
Your stone body is resilient. (AC +10)
You are immune to poison.
Your large and strong wings let you fly indefinitely.
You resist negative energy. (rN+)
You are resistant to electric shocks. (rElec)
You can survive without breathing.
You are immune to petrification.
You are immune to rotting.


Message History

* * * LOW HITPOINT WARNING * * *
You are no longer berserk.
You pass out from exhaustion.
You feel yourself slow down.
You can move again.
Okay, then.
Okay, then.
Your black bear goes berserk!
You feel somewhat more hungry.
The death knight offers itself to Yredelemnul, and fills with unholy energy.
Okay, then.
As you read the scroll of fear, it crumbles to dust.
You assume a fearsome visage.
The death knight resists with almost no effort.
The death knight hits you but does no damage.
Your black bear bites the death knight but does no damage.
Your black bear barely misses the death knight.
Your black bear claws the death knight but does no damage.
The death knight hits you from afar with a +4 glaive!!
You die...

####### ##.....#
#....#.#
+#..#..#
#ph#...#
#...(#.@...#
$..p..##.#)#.#
#?=?.. ##+#'##
+########.#.#.#
#......#).....#
#...#.#'#.#...##
#..#...#.......#
#.#...#+#...#.##
#..)...#......#


You could see a death knight and a friendly black bear (berserk).

Vanquished Creatures
  A fire giant (D:15)
  A frost giant (D:15)
  An ettin (D:15)
  A yaktaur captain (D:15)
  The ghost of Upnub the Schismatic, a journeyman TrAK of Lugonu (D:10)
  A rakshasa (D:13)
  A hydra (D:15)
  15 two-headed ogres
  2 tengu warriors (D:14)
  2 ogre magi
  3 centaur warriors
  An unseen horror (D:11)
  A glowing orange brain (D:13)
  A wizard (D:14)
  A deep elf archer (D:15)
  A necromancer (D:14)
  A deep elf mage (D:15)
  7 ugly things
  A manticore (D:13)
  5 cyclopes
  A gargoyle (D:14)
  An efreet (D:15)
  3 demonic crawlers (D:13)
  A freezing wraith (D:15)
  A tengu conjurer (D:15)
  A merfolk (D:9)
  2 trolls
  Prince Ribbit (D:7)
  A meliai (D:15)
  A hornet (D:13)
  3 hippogriffs
  6 slime creatures (D:12)
  2 wraiths
  13 yaks
  Sigmund (D:3)
  A basilisk (D:14)
  2 wyverns
  A steam dragon (D:10)
  2 hungry ghosts
  Edmund (D:6)
  3 small abominations (D:13)
  An acid dragon (shapeshifter) (D:14)
  2 vampire mosquitoes (D:14)
  2 acid dragons
  A soldier ant (D:13)
  A floating eye (D:13)
  2 black bears
  7 orc warriors
  An ice beast (shapeshifter) (D:15)
  6 ice beasts
  An eye of draining (D:12)
  2 necrophages
  3 sky beasts
  6 phantoms
  13 ogres
  3 centaurs
  2 big kobolds
  8 bullfrogs
  2 wyvern zombies
  3 scorpions
  18 killer bees
  9 howler monkeys
  An electric eel (D:7)
  8 crimson imps
  4 centaur zombies
  2 bullfrog zombies
  3 jellies
  6 orc priests
  Crazy Yiuf (D:4)
  5 centaur skeletons
  4 hounds
  12 orc wizards
  Ijyb (D:4)
  A bullfrog skeleton (D:7)
  4 iguanas
  Natasha (thrice) (D:4)
  7 worker ants
  Terence (D:3)
  A hound skeleton (D:7)
  8 gnolls
  11 adders
  3 shadow imps
  An ooze (D:3)
  An adder zombie (D:5)
  2 worms (D:2)
  3 dart slugs
  3 leopard geckos
  39 orcs
  2 ball pythons (D:4)
  8 bats
  5 giant cockroaches
  10 goblins
  8 hobgoblins
  5 jackals
  8 quokkas
  A ball python skeleton (D:6)
  4 frilled lizards
  12 kobolds
  A quokka skeleton (D:4)
  A quokka zombie (D:7)
  8 rats
397 creatures vanquished.

Vanquished Creatures (collateral kills)
  2 spriggans (D:10)
  A wraith (D:15)
  An acid dragon (D:15)
  A jelly (D:15)
5 creatures vanquished.

Vanquished Creatures (others)
  A fungus (D:10)
  6 plants (D:10)
7 creatures vanquished.

Grand Total: 409 creatures vanquished

Notes
Turn   | Place    | Note
-------+----------+-------------------------------------------
     0 | D:1      | Borgoz the Gargoyle Berserker began the quest for the Orb.
     0 | D:1      | Reached XP level 1. HP: 14/14 MP: 1/1
   235 | D:1      | Reached XP level 2. HP: 17/19 MP: 2/2
   909 | D:2      | Noticed an ice beast
   915 | D:2      | Reached XP level 3. HP: 23/23 MP: 3/3
   923 | D:2      | Killed an ice beast
   923 | D:2      | Reached XP level 4. HP: 29/29 MP: 4/4
   923 | D:2      | Reached XP level 5. HP: 33/33 MP: 5/5
  1033 | D:2      | Reached ** piety under Trog
  1466 | D:3      | Noticed Terence
  1478 | D:3      | Killed Terence
  1590 | D:3      | Found an opulent altar of Gozag.
  1593 | D:3      | Found Gozag's Platinum Reserve.
  1617 | D:3      | Noticed Sigmund
  1648 | D:3      | Killed Sigmund
  1648 | D:3      | Reached XP level 6. HP: 16/40 MP: 6/6
  2178 | D:4      | Noticed Natasha
  2205 | D:4      | Killed Natasha
  2205 | D:4      | Reached skill level 5 in Fighting
  2236 | D:4      | Noticed an ice beast
  2243 | D:4      | Killed an ice beast
  2243 | D:4      | Reached XP level 7. HP: 26/44 MP: 7/7
  2425 | D:4      | Noticed Ijyb
  2452 | D:4      | Killed Ijyb
  2526 | D:4      | Found Nyithr Fyosu's Distillery.
  2527 | D:4      | Noticed Natasha
  2533 | D:4      | Killed Natasha
  2540 | D:4      | Bought a potion of heal wounds for 55 gold pieces
  2628 | D:4      | Reached skill level 5 in Maces & Flails
  2752 | D:4      | Reached *** piety under Trog
  2762 | D:4      | Found a white marble altar of Elyvilon.
  2814 | D:4      | Noticed Natasha
  2824 | D:4      | Killed Natasha
  2909 | D:4      | Found a basalt altar of Yredelemnul.
  2999 | D:4      | Reached skill level 5 in Armour
  3049 | D:4      | Found a runed translucent door.
  3050 | D:4      | Noticed Crazy Yiuf
  3168 | D:4      | Paralysed by Crazy Yiuf for 4 turns
  3175 | D:4      | Killed Crazy Yiuf
  3335 | D:5      | Entered Level 5 of the Dungeon
  3387 | D:5      | Found an ancient bone altar of Kikubaaqudgha.
  3398 | D:5      | Reached XP level 8. HP: 39/51 MP: 8/8
  3684 | D:5      | Found a stormy altar of Qazlal.
  4038 | D:5      | Found a staircase to the Ecumenical Temple.
  4537 | D:6      | Found an opulent altar of Gozag.
  4648 | D:6      | Reached XP level 9. HP: 44/56 MP: 9/9
  4711 | D:6      | Noticed Edmund
  4743 | D:6      | Killed Edmund
  4743 | D:6      | Reached skill level 5 in Dodging
  5400 | D:7      | Noticed Prince Ribbit
  5947 | D:7      | Found a shattered altar of Ashenzari.
  5964 | D:7      | Reached **** piety under Trog
  6263 | D:7      | Killed Prince Ribbit
  6263 | D:7      | Reached XP level 10. HP: 56/64 MP: 10/10
  6338 | D:7      | Found a hide-covered altar of Uskayaw.
  6460 | D:7      | Found a bloodstained altar of Trog.
  6653 | D:8      | Found an iron altar of Okawaru.
  6722 | D:8      | Found a staircase to the Lair.
  6913 | D:8      | Found a hazy altar of Hepliaklqana.
  6970 | D:8      | Found a radiant altar of Vehumet.
  7056 | D:8      | Noticed a two-headed ogre
  7065 | D:8      | Killed a two-headed ogre
  7692 | D:9      | Found an ornate altar of the Wu Jian Council.
  8202 | D:9      | Found a shimmering altar of Xom.
  8758 | D:10     | Entered Level 10 of the Dungeon
  8763 | D:10     | Noticed a two-headed ogre
  8775 | D:10     | Killed a two-headed ogre
  8775 | D:10     | Reached XP level 11. HP: 57/72 MP: 11/11
  8806 | D:9      | Reached ***** piety under Trog
  8806 | D:9      | Received a gift from Trog
  9162 | D:10     | Noticed a two-headed ogre
  9178 | D:10     | Killed a two-headed ogre
  9178 | D:10     | Reached skill level 10 in Fighting
  9375 | D:10     | Found a runed translucent door.
  9376 | D:10     | Noticed Upnub's ghost (journeyman TrAK)
  9376 | D:10     | Identified the +5 trident "Uguiddiust" {pierce, rPois Str-2
                  | Int+7}
  9595 | D:10     | Killed Upnub's ghost
  9595 | D:10     | Reached skill level 10 in Armour
 10016 | D:11     | Killed an unseen horror
 10533 | D:11     | Found a staircase to the Orcish Mines.
 10545 | D:11     | Found a runed translucent gate.
 10545 | D:11     | Noticed MaxwellSilver's ghost (journeyman HOFi)
 10546 | D:11     | Found a runed translucent gate.
 10547 | D:11     | Found a runed translucent gate.
 10553 | D:11     | Found a roughly hewn altar of Beogh.
 10765 | D:11     | Noticed a two-headed ogre
 10774 | D:11     | Killed a two-headed ogre
 11117 | D:12     | Noticed a two-headed ogre
 11138 | D:12     | Killed a two-headed ogre
 11138 | D:12     | Reached skill level 10 in Maces & Flails
 11138 | D:12     | Reached XP level 12. HP: 35/79 MP: 12/12
 12312 | D:13     | Received a gift from Trog
 12378 | D:13     | Noticed a two-headed ogre
 12393 | D:13     | Killed a two-headed ogre
 12574 | D:13     | Noticed a centaur warrior
 12605 | D:13     | Killed a centaur warrior
 13578 | D:13     | Noticed a rakshasa
 13600 | D:13     | Killed a rakshasa
 13600 | D:13     | Reached XP level 13. HP: 37/86 MP: 13/13
 13817 | D:13     | Identified the Catalogue of Freezing Lightness
 13882 | D:13     | Paralysed by a floating eye for 4 turns
 15293 | D:14     | Found a gate to the Vaults.
 16046 | D:15     | Entered Level 15 of the Dungeon
 16485 | D:14     | Reached skill level 10 in Dodging
 17259 | D:15     | Found a burning altar of Makhleb.
 17260 | D:15     | Found an ornate altar of the Wu Jian Council.
 17260 | D:15     | Found a shimmering altar of Xom.
 17260 | D:15     | Noticed a frost giant
 17274 | D:15     | Killed a frost giant
 17274 | D:15     | Gained mutation: Your large and strong wings let you fly
                  | indefinitely. [Gargoyle growth]
 17274 | D:15     | Reached XP level 14. HP: 94/94 MP: 14/14
 18079 | D:15     | Noticed a fire giant
 18099 | D:15     | Killed a fire giant
 18120 | D:15     | Mangled by a death knight

Levels and vault maps discovered:
D:1:      erik_arrival_blinker_ship, layout_basic
D:2:      layout_basic, first_ration
D:3:      minmay_skewed_foursquare, layout_rooms,
          nicolae_gozag_zags_fifth_avenue, uniq_sigmund, uniq_terence
D:4:      layout_rooms, old_standard_altar, marbit_many_paths, serial_shops,
          shop, grunt_ministairs_15, skrybe_limestone_x,
          kennysheep_generic_room_3, uniq_crazy_yiuf_cottage, uniq_ijyb,
          uniq_natasha
D:5:      layout_loops_cross, grunt_qazlal_clouds, overflow_temple_1_default,
          minmay_temple_entry_tees
D:6:      layout_loops_corners, lemuel_doored_altar, uniq_edmund
D:7:      minmay_evil_eye, layout_basic, kennysheep_mini,
          lemuel_coloured_pillars_altar, lemuel_round_altar, minivault_4,
          uniq_prince_ribbit1
D:8:      layout_basic, overflow_temple_1_default,
          nicolae_overflow_crystal_walls, okawaru_trees_1, dpeg_oklobed_lair
D:9:      layout_roguey, tgw_xom, old_standard_altar, hangedman_fish_farm
D:10:     layout_cross, ebering_ghost_funeral_grove, minmay_misc_feat_doors,
          kennysheep_generic_room_4
D:11:     layout_basic, orc_0_dummy, biasface_ghost_orc_armoury
D:12:     layout_cave_pods, nicolae_sextant
D:13:     cheibrodos_hippocracy, layout_loops_ring
D:14:     layout_basic, david_vaults_1, fountainhead
D:15:     hangedman_slaughterboxes

Skill      XL: |  1  2  3  4  5  6  7  8  9 10 11 12 13 |
---------------+----------------------------------------+-----
Dodging        | 2 3 4 6 7 8 9 10 | 10.6
Fighting       | 4 5 6 8 9 10 12 13 | 13.5
Armour         | 3 4 5 6 7 9 10 11 13 | 13.3
Maces & Flails | 4 5 6 7 8 10 11 12 | 12.5

Action                   |  1- 3 |  4- 6 |  7- 9 | 10-12 | 13-15 || total
-------------------------+-------+-------+-------+-------+-------++-------
Melee: Mace              |    81 |   150 |   155 |       |       ||   386
       Unarmed           |       |       |    12 |       |       ||    12
       Flail             |       |       |   398 |   925 |   508 ||  1831
Throw: Throwing net      |       |       |       |     1 |       ||     1
Invok: Berserk           |     1 |     1 |     5 |     7 |     4 ||    18
       Trog's Hand       |       |     1 |     3 |     2 |     3 ||     9
       Brothers in Arms  |       |       |       |     3 |     4 ||     7
 Abil: Fly               |       |       |       |       |     1 ||     1
Evoke: Wand              |       |       |     1 |     2 |     3 ||     6
  Use: Potion            |       |       |     1 |       |     2 ||     3
       Scroll            |       |       |       |    14 |     3 ||    17
 Stab: Sleeping          |     1 |       |       |       |       ||     1
  Eat: Chunk             |       |     6 |    12 |    29 |    14 ||    61
       Ration            |       |       |     4 |     1 |     2 ||     7
Armor: Animal skin       |    27 |       |       |       |       ||    27
       Ring mail         |    10 |   100 |   157 |   644 |   307 ||  1218
       Scale mail        |       |       |   111 |    84 |       ||   195
Dodge: Dodged            |    58 |   107 |   340 |   826 |   489 ||  1820

Table legend:
 A = Non-vault XP
 B = Vault XP
 C = Vault XP percentage of total XP
 D = Non-vault monster count
 E = Vault monster count
 F = Vault count percentage of total count
                 A         B        C        D         E       F
            +---------+---------+-------+---------+---------+-------
      Total |   31650 |   33788 |  51.6 |     312 |      90 |  22.4
            +---------+---------+-------+---------+---------+-------
        D:1 |      17 |       0 |   0.0 |      10 |       0 |   0.0
        D:2 |     177 |       0 |   0.0 |      19 |       0 |   0.0
        D:3 |      52 |     245 |  82.5 |      19 |       6 |  24.0
        D:4 |     483 |     216 |  30.9 |      22 |       7 |  24.1
        D:5 |     845 |       0 |   0.0 |      27 |       0 |   0.0
        D:6 |     833 |     171 |  17.0 |      20 |       1 |   4.8
        D:7 |    1493 |     371 |  19.9 |      27 |       4 |  12.9
        D:8 |    1709 |       0 |   0.0 |      24 |       0 |   0.0
        D:9 |    1732 |     557 |  24.3 |      25 |       8 |  24.2
       D:10 |    3642 |    1482 |  28.9 |      23 |       5 |  17.9
       D:11 |    4009 |       0 |   0.0 |      30 |       0 |   0.0
       D:12 |    4312 |       0 |   0.0 |      19 |       0 |   0.0
       D:13 |    6950 |    6248 |  47.3 |      30 |      17 |  36.2
       D:14 |    5396 |    3976 |  42.4 |      17 |       5 |  22.7
       D:15 |       0 |   20522 | 100.0 |       0 |      37 | 100.0
            +---------+---------+-------+---------+---------+-------
